 Dungeon Crawl Stone Soup version 0.25-a0-398-g1920f1ac21 (webtiles) character file.

Game seed: 4332091070081527138, levelgen mode: deterministic

4 Gargoyl the Skirmisher (level 1, 0/19 HPs)
             Began as a Centaur Abyssal Knight on Jan 8, 2020.
             Was an Initiate of Lugonu.
             Slain by a frilled lizard (2 damage)
             ... on level 1 of the Dungeon.
             The game lasted 00:01:10 (376 turns).

Gargoyl the Skirmisher (Centaur Abyssal Knight)      Turns: 376, Time: 00:01:10

Health: 0/19       AC:  4    Str: 14    XL:     1   Next: 50%
Magic:  2/2        EV:  9    Int: 11    God:    Lugonu [......]
Gold:   58         SH:  0    Dex:  8    Spells: 0/0 levels left

rFire    . . .     SeeInvis .   e - +0 executioner's axe
rCold    . . .     Gourm    .   (shield currently unavailable)
rNeg     . . .     Faith    .   b - +0 leather armour
rPois    .         Spirit   .   (no helmet)
rElec    .         Reflect  .   (no cloak)
rCorr    .         Harm     .   (no gloves)
MR       .....                  (no barding)
Stlth    ..........             (no amulet)
HPRegen  0.06/turn              (no ring)
MPRegen  0.08/turn              (no ring)

@: very quick
A: large, hooves 3, deformed body, speed 2, tough skin 3
a: Renounce Religion


You were on level 1 of the Dungeon.
You worshipped Lugonu.
Lugonu was noncommittal.
You were not hungry.

You visited 1 branch of the dungeon, and saw 1 of its levels.
You visited the Abyss 1 time.

You collected 58 gold pieces.

Inventory:

Hand Weapons
 a - a +1 hand axe
 e - a +0 executioner's axe (weapon)
Armour
 b - a +0 leather armour (worn)
Scrolls
 d - a scroll of identify
Comestibles
 c - a ration


   Skills:
 + Level 3.1 Fighting
 + Level 1.7 Axes
 * Level 1.4 Armour
 * Level 0.7 Dodging
 * Level 2.0 Invocations


You couldn't memorise any spells.
You didn't know any spells.
Your spell library was empty.

Dungeon Overview and Level Annotations

Branches:
Dungeon (1/15)

Altars:


Innate Abilities, Weirdness & Mutations

You have hooves in place of feet.
Armour fits poorly on your strangely shaped body.
You cover ground very quickly.
You have extremely tough skin. (AC +3)


Message History

You closely miss the jackal. You kick the jackal.
You kill the jackal!
Lugonu accepts your kill.
The frilled lizard bites you but does no damage.
You completely miss the frilled lizard.
The frilled lizard completely misses you.
The frilled lizard closely misses you.
You closely miss the frilled lizard. The frilled lizard bites you.
* * * LOW HITPOINT WARNING * * *
The frilled lizard hisses.
The frilled lizard bites you.
* * * LOW HITPOINT WARNING * * *
You barely miss the frilled lizard. Your kick misses the frilled lizard.
The frilled lizard bites you but does no damage.
You barely miss the frilled lizard.
The frilled lizard bites you but does no damage.
The frilled lizard barely misses you.
You barely miss the frilled lizard. The frilled lizard closely misses you.
The frilled lizard bites you.
You die...

#.# ... # # #.# #
.#.# #.#######.##
####.##.##.##........
.....##..........h.#
#..#####.##h######
#....###.##l#
#......>.##@#
#.##.######.# #.##.#
#.# #####'##### #.#
#.........# #.#
#.........# #.#
#..⌠...⌠..# #.#
#.........# #.#
+....<....+


You could see a jackal and a frilled lizard.

Vanquished Creatures
  3 jackals (D:1)
3 creatures vanquished.

Notes
Turn   | Place    | Note
-------+----------+-------------------------------------------
     0 | Abyss:1  | Gargoyl the Centaur Abyssal Knight began the quest for the
                  | Orb.
     0 | Abyss:1  | Reached XP level 1. HP: 19/19 MP: 2/2
   126 | Abyss:1  | Noticed a small abomination
   170 | Abyss:1  | Found a transporter.
   170 | Abyss:1  | Noticed a tentacled monstrosity
   170 | Abyss:1  | Noticed a fire bat
   170 | Abyss:1  | Noticed a sixfirhy
   204 | Abyss:1  | Noticed a large abomination
   301 | Abyss:2  | Noticed a raiju
   313 | Abyss:3  | Noticed a ynoxinul
   328 | Abyss:3  | Noticed a large abomination
   334 | Abyss:3  | Noticed a tentacled starspawn
   337 | D:1      | Escaped the Abyss
   376 | D:1      | Slain by a frilled lizard

Levels and vault maps discovered:
D:1:      mushboom_english_gardens, layout_loops_ring, minmay_misc_feat_alley

Action                   || total
-------------------------++-------
Melee: Executioner's axe ||    15
       Kick              ||     3
Invok: Depart the Abyss  ||     1
  Use: Scroll            ||     1
       Potion            ||     1
Armor: Leather armour    ||    13
Dodge: Dodged            ||    12

Table legend:
 A = Non-vault XP
 B = Vault XP
 C = Vault XP percentage of total XP
 D = Non-vault monster count
 E = Vault monster count
 F = Vault count percentage of total count
                 A         B        C        D         E       F
            +---------+---------+-------+---------+---------+-------
      Total |       6 |       0 |   0.0 |       3 |       0 |   0.0
            +---------+---------+-------+---------+---------+-------
        D:1 |       6 |       0 |   0.0 |       3 |       0 |   0.0
            +---------+---------+-------+---------+---------+-------
